[ PARTIDA AOE2 · #480340405 ]
UnrankedTártaros vs None
Equipo del jugador · DERR
Equipo rival · VICT
[ ANÁLISIS DE REPETICIÓN · EXTRAÍDO DE LA PARTIDA GRABADA ]
Feudal
—
Castillos
—
Imperial
—
| APM promedio | 18.8 |
| APM pico | 48 |
| eAPM promedio | 10.8 |
| Aldeanos / militares | 0 / 122 |
Foco
⚔️ 97.7% · 🌾 2.3%
Knight ×122
Feudal
—
Castillos
—
Imperial
—
| APM promedio | 47.4 |
| APM pico | 131 |
| eAPM promedio | 18.0 |
| Aldeanos / militares | 0 / 0 |
Foco
⚔️ 99.6% · 🌾 0.4%
Feudal
—
Castillos
—
Imperial
—
| APM promedio | 32.8 |
| APM pico | 62 |
| eAPM promedio | 14.1 |
| Aldeanos / militares | 0 / 536 |
Foco
⚔️ 98.7% · 🌾 1.3%
Knight ×372 · Battle Elephant ×76 · Archer ×68 · Scout Cavalry ×20
Feudal
—
Castillos
—
Imperial
—
| APM promedio | 49.3 |
| APM pico | 113 |
| eAPM promedio | 26.4 |
| Aldeanos / militares | 0 / 227 |
Foco
⚔️ 78.9% · 🌾 21.1%
Knight ×227
Feudal
—
Castillos
—
Imperial
—
| APM promedio | 25.1 |
| APM pico | 90 |
| eAPM promedio | 13.3 |
| Aldeanos / militares | 0 / 293 |
Foco
⚔️ 97.6% · 🌾 2.4%
Archer ×147 · Militia ×116 · Spearman ×24 · Skirmisher ×6
Feudal
—
Castillos
—
Imperial
—
| APM promedio | 21.5 |
| APM pico | 92 |
| eAPM promedio | 3.2 |
| Aldeanos / militares | 0 / 0 |
Foco
⚔️ 100.0% · 🌾 0.0%
Feudal
—
Castillos
—
Imperial
—
| APM promedio | 14.1 |
| APM pico | 35 |
| eAPM promedio | 6.5 |
| Aldeanos / militares | 0 / 239 |
Foco
⚔️ 95.6% · 🌾 4.4%
Knight ×239
Feudal
—
Castillos
—
Imperial
—
| APM promedio | 17.7 |
| APM pico | 56 |
| eAPM promedio | 6.0 |
| Aldeanos / militares | 0 / 0 |
Foco
⚔️ 99.0% · 🌾 1.0%
Mapa de la partida
Recursos iniciales + cada clic de construcción. Líneas = muros · curvas = relieve. ◆ oro · ⬟ piedra · ● bayas · ✦ reliquia · ◌ hueco del cierre
Tu base· ✓ Separados por el mapa
Base de Raul_House· Abierta
Base de Key Kurono Porongon· Abierta
Base de 重拳出击theGuyGuy· ✓ Separados por el mapa
Base de Beef Eater· Abierta
Base de Gfiz· Abierta
Base de Titan Bruno4736· Abierta
Base de Cokrat· Abierta
Terreno inicial suavizado · ◌ = hueco del cierre detectado · pasá el cursor para detalles
Inputs por minuto
— jcorreacol - - Raul_House
Build order — jcorreacol
148 acciones detectadas en el replay
| 16:42 | Investigar | Chain Barding Armor |
| 16:42 | Investigar | Iron Casting |
| 16:44 | Investigar | Bodkin Arrow |
| 16:44 | Investigar | Leather Archer Armor |
| 16:46 | Investigar | Treadmill Crane |
| 16:48 | Investigar | Ballistics |
| 16:48 | Investigar | Guard Tower (upgrade) |
| 16:49 | Investigar | Careening |
| 16:52 | Investigar | Tech 908 |
| 16:55 | Investigar | Silk Armor |
| 23:37 | Construir | Stable |
| 23:38 | Construir | Stable |
| 23:39 | Construir | Stable |
| 23:41 | Construir | Stable |
| 23:47 | Construir | Stable |
| 23:48 | Construir | Stable |
| 23:50 | Construir | Stable |
| 23:56 | Construir | Stable |
| 23:58 | Construir | Stable |
| 24:00 | Construir | Stable |
| 24:38 | Investigar | Husbandry |
| 24:38 | Investigar | Bloodlines |
| 24:43 | Crear | Knight |
| 24:44 | Crear | Knight |
| 24:44 | Crear | Knight |
| 24:44 | Crear | Knight |
| 24:45 | Crear | Knight |
| 24:45 | Crear | Knight |
| 24:45 | Crear | Knight |
| 24:45 | Crear | Knight |
| 24:46 | Crear | Knight |
| 24:46 | Crear | Knight |
| 24:46 | Crear | Knight |
| 24:46 | Crear | Knight |
| 24:47 | Crear | Knight |
| 24:47 | Crear | Knight |
| 24:54 | Crear | Knight |
| 24:54 | Crear | Knight |
| 24:54 | Crear | Knight |
| 24:55 | Crear | Knight |
| 24:55 | Crear | Knight |
| 24:55 | Crear | Knight |
| 24:55 | Crear | Knight |
| 24:56 | Crear | Knight |
| 24:56 | Crear | Knight |
| 24:56 | Crear | Knight |
| 24:56 | Crear | Knight |
| 24:57 | Crear | Knight |
| 24:57 | Crear | Knight |
| 24:57 | Crear | Knight |
| 24:57 | Crear | Knight |
| 24:58 | Crear | Knight |
| 25:44 | Crear | Knight |
| 25:45 | Crear | Knight |
| 25:45 | Crear | Knight |
| 25:45 | Crear | Knight |
| 25:45 | Crear | Knight |
| 25:46 | Crear | Knight |
| 25:46 | Crear | Knight |
| 25:46 | Crear | Knight |
| 25:46 | Crear | Knight |
| 25:47 | Crear | Knight |
| 25:47 | Crear | Knight |
| 25:47 | Crear | Knight |
| 25:47 | Crear | Knight |
| 25:48 | Crear | Knight |
| 25:48 | Crear | Knight |
| 25:48 | Crear | Knight |
| 25:48 | Crear | Knight |
| 25:49 | Crear | Knight |
| 25:49 | Crear | Knight |
| 25:49 | Crear | Knight |
| 25:50 | Crear | Knight |
| 25:50 | Crear | Knight |
| 25:50 | Crear | Knight |
| 25:50 | Crear | Knight |
| 25:51 | Crear | Knight |
| 25:51 | Crear | Knight |
| 25:51 | Crear | Knight |
| 25:51 | Crear | Knight |
| 25:52 | Crear | Knight |
| 25:52 | Crear | Knight |
| 25:52 | Crear | Knight |
| 25:52 | Crear | Knight |
| 25:53 | Crear | Knight |
| 25:53 | Crear | Knight |
| 25:53 | Crear | Knight |
| 25:53 | Crear | Knight |
| 25:54 | Crear | Knight |
| 26:44 | Construir | Archery Range |
| 26:45 | Construir | Archery Range |
| 26:47 | Construir | Archery Range |
| 26:48 | Construir | Archery Range |
| 26:54 | Crear | Knight |
| 26:55 | Crear | Knight |
| 26:55 | Crear | Knight |
| 26:56 | Crear | Knight |
| 26:56 | Crear | Knight |
| 26:56 | Crear | Knight |
| 26:56 | Crear | Knight |
| 26:56 | Crear | Knight |
| 26:56 | Crear | Knight |
| 26:57 | Crear | Knight |
| 26:57 | Crear | Knight |
| 26:57 | Crear | Knight |
| 26:57 | Crear | Knight |
| 26:58 | Crear | Knight |
| 26:58 | Crear | Knight |
| 26:58 | Crear | Knight |
| 26:59 | Crear | Knight |
| 26:59 | Crear | Knight |
| 26:59 | Crear | Knight |
| 26:59 | Crear | Knight |
| 26:59 | Crear | Knight |
| 27:00 | Crear | Knight |
| 27:00 | Crear | Knight |
| 27:00 | Crear | Knight |
| 27:00 | Crear | Knight |
| 27:01 | Crear | Knight |
| 27:01 | Crear | Knight |
| 27:01 | Crear | Knight |
| 27:01 | Crear | Knight |
| 27:02 | Crear | Knight |
| 27:02 | Crear | Knight |
| 27:02 | Crear | Knight |
| 27:02 | Crear | Knight |
| 27:03 | Crear | Knight |
| 27:03 | Crear | Knight |
| 27:03 | Crear | Knight |
| 27:03 | Crear | Knight |
| 27:04 | Crear | Knight |
| 27:04 | Crear | Knight |
| 27:05 | Crear | Knight |
| 27:05 | Crear | Knight |
| 27:05 | Crear | Knight |
| 27:05 | Crear | Knight |
| 27:05 | Crear | Knight |
| 27:06 | Crear | Knight |
| 27:06 | Crear | Knight |
| 27:06 | Crear | Knight |
| 27:06 | Crear | Knight |
| 27:07 | Crear | Knight |
| 27:07 | Crear | Knight |
| 27:07 | Crear | Knight |
| 27:07 | Crear | Knight |
| 27:08 | Crear | Knight |
| 27:08 | Crear | Knight |
| 27:08 | Crear | Knight |
Build order — Raul_House
20 acciones detectadas en el replay
| 14:44 | Investigar | Iron Casting |
| 14:45 | Investigar | Chain Barding Armor |
| 14:46 | Investigar | Tech 28 |
| 23:54 | Construir | Stable |
| 23:55 | Construir | Stable |
| 23:58 | Construir | Stable |
| 23:59 | Construir | Stable |
| 24:42 | Investigar | Bloodlines |
| 24:47 | Investigar | Treadmill Crane |
| 24:48 | Investigar | Ballistics |
| 24:49 | Investigar | Guard Tower (upgrade) |
| 24:53 | Investigar | Chain Mail Armor |
| 24:54 | Investigar | Bodkin Arrow |
| 24:54 | Investigar | Leather Archer Armor |
| 25:05 | Construir | Stable |
| 25:07 | Construir | Stable |
| 25:08 | Construir | Stable |
| 25:09 | Construir | Stable |
| 25:45 | Investigar | Husbandry |
| 26:59 | Construir | Stable |
Build order — Key Kurono Porongon
Primeras 150 de 160 acciones detectadas
| 9:23 | Construir | Stable |
| 9:24 | Construir | Stable |
| 9:25 | Construir | Stable |
| 10:31 | Investigar | Bloodlines |
| 10:44 | Construir | Archery Range |
| 10:46 | Construir | Archery Range |
| 10:49 | Construir | Archery Range |
| 10:50 | Construir | Archery Range |
| 10:56 | Construir | Stable |
| 10:57 | Construir | Stable |
| 11:50 | Construir | Stable |
| 11:51 | Construir | Stable |
| 11:54 | Construir | Stable |
| 13:42 | Construir | Stable |
| 13:44 | Construir | Stable |
| 13:45 | Construir | Stable |
| 16:15 | Construir | Stable |
| 16:17 | Construir | Stable |
| 18:48 | Investigar | Husbandry |
| 18:50 | Crear | Knight ×5 |
| 18:51 | Crear | Knight ×5 |
| 18:51 | Crear | Knight ×5 |
| 18:51 | Crear | Knight ×5 |
| 18:52 | Crear | Knight ×5 |
| 18:52 | Crear | Knight ×5 |
| 18:52 | Crear | Knight ×5 |
| 18:53 | Crear | Knight ×5 |
| 18:53 | Crear | Knight ×5 |
| 18:54 | Crear | Knight ×5 |
| 18:54 | Crear | Knight ×5 |
| 18:54 | Crear | Knight ×5 |
| 18:55 | Crear | Knight ×5 |
| 18:55 | Crear | Knight ×5 |
| 18:56 | Crear | Knight ×5 |
| 18:56 | Crear | Knight ×5 |
| 18:56 | Crear | Knight ×5 |
| 18:57 | Crear | Knight |
| 19:03 | Investigar | Chain Barding Armor |
| 19:04 | Investigar | Iron Casting |
| 19:04 | Investigar | Bodkin Arrow |
| 19:06 | Investigar | Chain Mail Armor |
| 19:06 | Investigar | Leather Archer Armor |
| 19:10 | Investigar | Ballistics |
| 19:11 | Investigar | Guard Tower (upgrade) |
| 19:12 | Investigar | Treadmill Crane |
| 19:14 | Investigar | Chatras |
| 19:53 | Investigar | Thumb Ring |
| 20:00 | Investigar | Crossbowman (upgrade) |
| 20:09 | Crear | Knight ×5 |
| 20:10 | Crear | Knight ×5 |
| 20:10 | Crear | Knight ×5 |
| 20:10 | Crear | Knight ×5 |
| 20:11 | Crear | Knight ×5 |
| 20:11 | Crear | Knight ×5 |
| 20:12 | Crear | Knight ×5 |
| 20:12 | Crear | Knight ×5 |
| 20:12 | Crear | Knight ×5 |
| 20:35 | Construir | Stable |
| 20:37 | Construir | Stable |
| 20:38 | Construir | Stable |
| 20:40 | Construir | Stable |
| 20:41 | Construir | Stable |
| 20:43 | Construir | Stable |
| 20:45 | Construir | Stable |
| 20:46 | Construir | Stable |
| 20:48 | Construir | Stable |
| 20:50 | Construir | Stable |
| 22:06 | Crear | Knight ×5 |
| 22:06 | Crear | Knight ×5 |
| 22:07 | Crear | Knight ×5 |
| 22:07 | Crear | Knight |
| 22:09 | Crear | Archer ×5 |
| 22:10 | Crear | Archer ×5 |
| 22:10 | Crear | Archer ×5 |
| 22:10 | Crear | Archer ×5 |
| 22:11 | Crear | Archer ×5 |
| 22:11 | Crear | Archer ×5 |
| 22:12 | Crear | Archer ×5 |
| 22:12 | Crear | Archer ×5 |
| 22:12 | Crear | Archer ×5 |
| 22:13 | Crear | Archer ×5 |
| 24:00 | Crear | Knight ×5 |
| 24:00 | Crear | Knight ×5 |
| 24:00 | Crear | Knight ×5 |
| 24:01 | Crear | Knight ×5 |
| 24:01 | Crear | Knight ×5 |
| 24:02 | Crear | Knight ×5 |
| 24:02 | Crear | Knight ×5 |
| 24:02 | Crear | Knight ×5 |
| 24:03 | Crear | Knight ×5 |
| 24:03 | Crear | Knight ×5 |
| 24:03 | Crear | Knight ×5 |
| 24:04 | Crear | Knight ×5 |
| 24:04 | Crear | Knight ×5 |
| 24:05 | Crear | Knight ×5 |
| 24:05 | Crear | Knight ×5 |
| 24:05 | Crear | Knight ×5 |
| 24:38 | Crear | Knight ×5 |
| 24:38 | Crear | Knight ×5 |
| 24:39 | Crear | Knight ×5 |
| 24:39 | Crear | Knight ×5 |
| 24:39 | Crear | Knight ×5 |
| 24:40 | Crear | Knight ×5 |
| 24:40 | Crear | Knight ×5 |
| 24:40 | Crear | Knight ×5 |
| 24:41 | Crear | Knight ×5 |
| 24:45 | Crear | Archer ×5 |
| 24:45 | Crear | Archer ×5 |
| 24:45 | Crear | Archer ×5 |
| 24:46 | Crear | Archer ×3 |
| 25:50 | Investigar | Cavalier (upgrade) |
| 26:02 | Investigar | Plate Barding Armor |
| 26:03 | Investigar | Ring Archer Armor |
| 26:04 | Investigar | Bracer |
| 26:05 | Investigar | Plate Mail Armor |
| 26:07 | Crear | Battle Elephant |
| 26:13 | Investigar | Paper Money |
| 26:16 | Investigar | Tech 621 |
| 26:19 | Investigar | Spies/Treason |
| 26:22 | Investigar | Sappers |
| 26:27 | Investigar | Elite Battle Elephant (upgrade) |
| 26:32 | Crear | Knight ×5 |
| 26:32 | Crear | Knight ×5 |
| 26:33 | Crear | Knight ×5 |
| 26:33 | Crear | Knight ×5 |
| 26:33 | Crear | Knight ×5 |
| 26:34 | Crear | Knight ×5 |
| 26:34 | Crear | Scout Cavalry ×5 |
| 26:35 | Crear | Scout Cavalry ×5 |
| 26:35 | Crear | Scout Cavalry ×5 |
| 26:35 | Crear | Scout Cavalry ×5 |
| 26:39 | Crear | Knight ×5 |
| 26:39 | Crear | Knight ×5 |
| 26:39 | Crear | Knight ×5 |
| 26:40 | Crear | Knight ×5 |
| 26:40 | Crear | Knight ×5 |
| 26:41 | Crear | Knight ×5 |
| 26:41 | Crear | Knight ×5 |
| 26:41 | Crear | Knight ×5 |
| 26:42 | Crear | Knight ×5 |
| 26:42 | Crear | Knight ×5 |
| 26:43 | Crear | Knight ×5 |
| 26:43 | Crear | Knight ×5 |
| 26:43 | Crear | Knight ×5 |
| 26:44 | Crear | Knight ×5 |
| 27:22 | Crear | Battle Elephant ×5 |
| 27:22 | Crear | Battle Elephant ×5 |
| 27:22 | Crear | Battle Elephant ×5 |
| 27:23 | Crear | Battle Elephant ×5 |
| 27:23 | Crear | Battle Elephant ×5 |
Build order — 重拳出击theGuyGuy
Primeras 150 de 260 acciones detectadas
| 12:10 | Construir | Archery Range |
| 12:11 | Construir | Stable |
| 12:16 | Construir | Stable |
| 12:17 | Construir | Stable |
| 12:19 | Construir | Stable |
| 12:20 | Construir | Stable |
| 12:21 | Construir | Stable |
| 12:23 | Construir | Stable |
| 13:49 | Investigar | Bloodlines |
| 16:16 | Construir | Stable |
| 16:18 | Construir | Stable |
| 17:20 | Investigar | Husbandry |
| 17:22 | Investigar | Thumb Ring |
| 17:25 | Investigar | Chain Mail Armor |
| 17:26 | Investigar | Iron Casting |
| 17:26 | Investigar | Chain Barding Armor |
| 17:26 | Investigar | Leather Archer Armor |
| 17:26 | Investigar | Bodkin Arrow |
| 17:29 | Investigar | Ballistics |
| 17:29 | Investigar | Treadmill Crane |
| 17:30 | Investigar | Careening |
| 17:30 | Investigar | Tech 908 |
| 17:30 | Investigar | Tech 909 |
| 18:15 | Crear | Knight |
| 18:16 | Crear | Knight |
| 18:16 | Crear | Knight |
| 18:16 | Crear | Knight |
| 18:17 | Crear | Knight |
| 18:28 | Crear | Knight |
| 18:29 | Crear | Knight |
| 18:31 | Crear | Knight |
| 18:31 | Crear | Knight |
| 18:32 | Crear | Knight |
| 18:32 | Crear | Knight |
| 18:32 | Crear | Knight |
| 18:33 | Crear | Knight |
| 18:33 | Crear | Knight |
| 18:34 | Crear | Knight |
| 18:36 | Construir | Stable |
| 18:37 | Construir | Stable |
| 18:39 | Construir | Stable |
| 18:40 | Construir | Stable |
| 18:41 | Construir | Stable |
| 18:42 | Construir | Stable |
| 18:55 | Investigar | Tech 1404 |
| 18:57 | Crear | Knight |
| 18:57 | Crear | Knight |
| 18:58 | Crear | Knight |
| 18:58 | Crear | Knight |
| 18:59 | Crear | Knight |
| 18:59 | Crear | Knight |
| 18:59 | Crear | Knight |
| 19:00 | Crear | Knight |
| 19:03 | Crear | Knight |
| 19:03 | Crear | Knight |
| 19:04 | Crear | Knight |
| 19:05 | Crear | Knight |
| 19:05 | Crear | Knight |
| 19:17 | Crear | Knight |
| 19:17 | Crear | Knight |
| 19:20 | Crear | Knight |
| 19:22 | Crear | Knight |
| 19:23 | Crear | Knight |
| 19:23 | Crear | Knight |
| 19:30 | Crear | Knight |
| 19:30 | Crear | Knight |
| 19:31 | Crear | Knight |
| 19:31 | Crear | Knight |
| 19:32 | Crear | Knight |
| 19:33 | Crear | Knight |
| 19:33 | Crear | Knight |
| 19:33 | Crear | Knight |
| 19:34 | Crear | Knight |
| 19:34 | Crear | Knight |
| 19:35 | Crear | Knight |
| 19:35 | Crear | Knight |
| 19:35 | Crear | Knight |
| 19:36 | Crear | Knight |
| 19:36 | Crear | Knight |
| 19:37 | Crear | Knight |
| 19:37 | Crear | Knight |
| 19:38 | Crear | Knight |
| 19:38 | Crear | Knight |
| 19:39 | Crear | Knight |
| 19:39 | Crear | Knight |
| 19:39 | Crear | Knight |
| 19:40 | Crear | Knight |
| 19:40 | Crear | Knight |
| 19:42 | Crear | Knight |
| 19:42 | Crear | Knight |
| 19:47 | Crear | Knight |
| 19:47 | Crear | Knight |
| 19:47 | Crear | Knight |
| 19:48 | Crear | Knight |
| 19:49 | Crear | Knight |
| 19:49 | Crear | Knight |
| 19:50 | Crear | Knight |
| 19:50 | Crear | Knight |
| 19:51 | Crear | Knight |
| 19:51 | Crear | Knight |
| 19:52 | Crear | Knight |
| 19:52 | Crear | Knight |
| 19:53 | Crear | Knight |
| 19:54 | Crear | Knight |
| 19:54 | Crear | Knight |
| 19:55 | Crear | Knight |
| 19:55 | Crear | Knight |
| 19:56 | Crear | Knight |
| 19:56 | Crear | Knight |
| 19:56 | Crear | Knight |
| 19:57 | Crear | Knight |
| 19:57 | Crear | Knight |
| 19:58 | Crear | Knight |
| 20:06 | Crear | Knight |
| 20:07 | Crear | Knight |
| 20:07 | Crear | Knight |
| 20:08 | Crear | Knight |
| 20:08 | Crear | Knight |
| 20:09 | Crear | Knight |
| 20:09 | Crear | Knight |
| 20:10 | Crear | Knight |
| 20:10 | Crear | Knight |
| 20:16 | Crear | Knight |
| 20:16 | Crear | Knight |
| 20:17 | Crear | Knight |
| 20:19 | Crear | Knight |
| 20:19 | Crear | Knight |
| 20:20 | Crear | Knight |
| 20:20 | Crear | Knight |
| 20:20 | Crear | Knight |
| 20:21 | Crear | Knight |
| 20:21 | Crear | Knight |
| 20:22 | Crear | Knight |
| 20:22 | Crear | Knight |
| 20:22 | Crear | Knight |
| 20:38 | Crear | Knight |
| 20:39 | Crear | Knight |
| 20:40 | Crear | Knight |
| 20:43 | Crear | Knight |
| 20:44 | Crear | Knight |
| 20:44 | Crear | Knight |
| 20:45 | Crear | Knight |
| 20:45 | Crear | Knight |
| 20:48 | Crear | Knight |
| 20:48 | Crear | Knight |
| 20:49 | Crear | Knight |
| 20:49 | Crear | Knight |
| 20:55 | Crear | Knight |
| 20:55 | Crear | Knight |
| 21:19 | Crear | Knight |
Build order — Beef Eater
Primeras 150 de 315 acciones detectadas
| 13:39 | Construir | Archery Range |
| 13:41 | Construir | Archery Range |
| 13:43 | Construir | Archery Range |
| 13:45 | Construir | Archery Range |
| 13:59 | Construir | Barracks |
| 14:01 | Construir | Barracks |
| 14:03 | Construir | Barracks |
| 14:05 | Construir | Barracks |
| 14:07 | Construir | Barracks |
| 18:53 | Investigar | Crossbowman (upgrade) |
| 18:54 | Crear | Archer |
| 18:54 | Crear | Archer |
| 18:54 | Crear | Archer |
| 18:54 | Crear | Archer |
| 18:55 | Crear | Archer |
| 18:55 | Crear | Archer |
| 18:55 | Crear | Archer |
| 18:55 | Crear | Archer |
| 18:56 | Crear | Archer |
| 18:56 | Crear | Archer |
| 18:56 | Crear | Archer |
| 18:57 | Crear | Archer |
| 18:57 | Crear | Archer |
| 18:57 | Crear | Archer |
| 18:57 | Crear | Archer |
| 18:58 | Crear | Archer |
| 18:58 | Crear | Archer |
| 18:58 | Crear | Archer |
| 18:59 | Crear | Archer |
| 18:59 | Crear | Archer |
| 18:59 | Crear | Archer |
| 18:59 | Crear | Archer |
| 19:00 | Crear | Archer |
| 19:00 | Crear | Archer |
| 19:00 | Crear | Archer |
| 19:00 | Crear | Archer |
| 19:01 | Crear | Archer |
| 19:01 | Crear | Archer |
| 19:01 | Crear | Archer |
| 19:01 | Crear | Archer |
| 19:02 | Crear | Archer |
| 19:02 | Crear | Archer |
| 19:02 | Crear | Archer |
| 19:02 | Crear | Archer |
| 19:03 | Crear | Archer |
| 19:08 | Investigar | Gambesons |
| 19:09 | Investigar | Long Swordsman (upgrade) |
| 19:11 | Investigar | Pikeman (upgrade) |
| 19:17 | Investigar | Eagle Warrior (upgrade) |
| 19:32 | Crear | Militia |
| 19:32 | Crear | Militia |
| 19:33 | Crear | Militia |
| 19:33 | Crear | Militia |
| 19:33 | Crear | Militia |
| 19:34 | Crear | Militia |
| 19:34 | Crear | Militia |
| 19:34 | Crear | Militia |
| 19:35 | Crear | Militia |
| 19:35 | Crear | Militia |
| 19:35 | Crear | Militia |
| 19:36 | Crear | Militia |
| 19:36 | Crear | Militia |
| 19:36 | Crear | Militia |
| 19:37 | Crear | Militia |
| 19:38 | Crear | Militia |
| 19:38 | Crear | Militia |
| 19:39 | Crear | Militia |
| 19:39 | Crear | Militia |
| 19:39 | Crear | Militia |
| 19:40 | Crear | Militia |
| 19:40 | Crear | Militia |
| 19:40 | Crear | Militia |
| 19:41 | Crear | Militia |
| 19:41 | Crear | Militia |
| 19:41 | Crear | Militia |
| 19:42 | Crear | Militia |
| 19:42 | Crear | Militia |
| 19:42 | Crear | Militia |
| 19:43 | Crear | Militia |
| 19:43 | Crear | Militia |
| 19:44 | Crear | Militia |
| 19:44 | Crear | Militia |
| 19:44 | Crear | Militia |
| 19:44 | Crear | Militia |
| 19:45 | Crear | Militia |
| 20:53 | Construir | Barracks |
| 20:55 | Construir | Barracks |
| 20:58 | Construir | Barracks |
| 21:08 | Crear | Militia |
| 21:08 | Crear | Militia |
| 21:08 | Crear | Militia |
| 21:09 | Crear | Militia |
| 21:09 | Crear | Militia |
| 21:09 | Crear | Militia |
| 21:09 | Crear | Militia |
| 21:10 | Crear | Militia |
| 21:10 | Crear | Militia |
| 21:10 | Crear | Militia |
| 21:11 | Crear | Militia |
| 23:03 | Crear | Militia |
| 23:03 | Crear | Militia |
| 23:04 | Crear | Militia |
| 23:04 | Crear | Militia |
| 23:04 | Crear | Militia |
| 23:04 | Crear | Militia |
| 23:05 | Crear | Militia |
| 23:05 | Crear | Militia |
| 23:05 | Crear | Militia |
| 23:05 | Crear | Militia |
| 23:06 | Crear | Militia |
| 23:06 | Crear | Militia |
| 23:06 | Crear | Militia |
| 23:07 | Crear | Militia |
| 23:07 | Crear | Militia |
| 23:07 | Crear | Militia |
| 23:07 | Crear | Militia |
| 23:08 | Crear | Militia |
| 23:08 | Crear | Militia |
| 23:08 | Crear | Militia |
| 23:09 | Crear | Militia |
| 23:10 | Crear | Militia |
| 23:10 | Crear | Militia |
| 23:10 | Crear | Militia |
| 23:11 | Crear | Militia |
| 23:11 | Crear | Militia |
| 23:11 | Crear | Militia |
| 23:12 | Crear | Militia |
| 23:12 | Crear | Militia |
| 23:13 | Crear | Militia |
| 23:13 | Crear | Militia |
| 23:13 | Crear | Militia |
| 23:20 | Construir | Archery Range |
| 23:22 | Construir | Archery Range |
| 23:24 | Construir | Archery Range |
| 23:33 | Construir | Archery Range |
| 23:36 | Construir | Archery Range |
| 23:40 | Crear | Skirmisher |
| 23:41 | Crear | Archer |
| 23:41 | Crear | Archer |
| 23:41 | Crear | Archer |
| 23:41 | Crear | Archer |
| 23:42 | Crear | Archer |
| 23:42 | Crear | Archer |
| 23:42 | Crear | Archer |
| 23:43 | Crear | Archer |
| 23:43 | Crear | Archer |
| 23:43 | Crear | Archer |
| 23:43 | Crear | Archer |
| 23:43 | Crear | Archer |
| 23:44 | Crear | Archer |
Build order — Gfiz
0 acciones detectadas en el replay
Build order — Titan Bruno4736
80 acciones detectadas en el replay
| 14:58 | Construir | Stable |
| 15:00 | Construir | Stable |
| 15:02 | Construir | Stable |
| 15:04 | Construir | Stable |
| 16:58 | Construir | Stone Wall |
| 16:59 | Construir | Stone Wall |
| 17:03 | Construir | Stone Wall |
| 20:00 | Investigar | Husbandry |
| 20:01 | Crear | Knight ×5 |
| 20:02 | Crear | Knight ×5 |
| 20:02 | Crear | Knight ×5 |
| 20:03 | Crear | Knight ×5 |
| 20:03 | Crear | Knight ×5 |
| 20:03 | Crear | Knight ×5 |
| 20:04 | Crear | Knight ×5 |
| 20:05 | Crear | Knight ×5 |
| 20:05 | Crear | Knight ×5 |
| 20:05 | Crear | Knight ×5 |
| 20:06 | Crear | Knight ×5 |
| 20:06 | Crear | Knight ×4 |
| 20:06 | Crear | Knight ×4 |
| 21:21 | Construir | Stable |
| 21:24 | Construir | Stable |
| 21:26 | Construir | Stable |
| 21:30 | Construir | Stable |
| 21:33 | Construir | Stable |
| 21:35 | Construir | Stable |
| 21:37 | Construir | Stable |
| 21:41 | Construir | Stable |
| 21:44 | Construir | Stable |
| 21:47 | Construir | Stable |
| 21:51 | Construir | Stable |
| 22:10 | Investigar | Bodkin Arrow |
| 22:10 | Investigar | Leather Archer Armor |
| 22:11 | Investigar | Chain Mail Armor |
| 22:12 | Investigar | Iron Casting |
| 22:13 | Investigar | Chain Barding Armor |
| 22:15 | Investigar | Treadmill Crane |
| 22:16 | Investigar | Ballistics |
| 22:16 | Investigar | Guard Tower (upgrade) |
| 22:17 | Investigar | Tech 909 |
| 22:18 | Investigar | Tech 908 |
| 22:18 | Investigar | Careening |
| 24:14 | Crear | Knight ×5 |
| 24:15 | Crear | Knight ×5 |
| 24:15 | Crear | Knight ×5 |
| 24:16 | Crear | Knight ×5 |
| 24:17 | Crear | Knight ×5 |
| 24:18 | Crear | Knight ×5 |
| 24:19 | Crear | Knight ×5 |
| 24:20 | Crear | Knight ×5 |
| 24:21 | Crear | Knight ×5 |
| 24:22 | Crear | Knight ×5 |
| 24:23 | Crear | Knight ×5 |
| 24:23 | Crear | Knight ×5 |
| 24:24 | Crear | Knight ×5 |
| 24:26 | Crear | Knight ×5 |
| 24:27 | Crear | Knight ×5 |
| 24:27 | Crear | Knight ×5 |
| 24:27 | Crear | Knight ×5 |
| 24:28 | Crear | Knight ×5 |
| 24:28 | Crear | Knight ×5 |
| 24:28 | Crear | Knight ×2 |
| 26:01 | Crear | Knight ×5 |
| 26:01 | Crear | Knight ×5 |
| 26:02 | Crear | Knight ×5 |
| 26:02 | Crear | Knight ×5 |
| 26:02 | Crear | Knight ×5 |
| 26:03 | Crear | Knight ×5 |
| 26:03 | Crear | Knight ×5 |
| 26:03 | Crear | Knight ×5 |
| 26:04 | Crear | Knight ×5 |
| 26:04 | Crear | Knight ×5 |
| 26:05 | Crear | Knight ×5 |
| 26:05 | Crear | Knight ×5 |
| 26:11 | Crear | Knight |
| 26:18 | Crear | Knight ×5 |
| 26:18 | Crear | Knight ×5 |
| 26:19 | Crear | Knight ×4 |
| 26:19 | Crear | Knight ×4 |
Build order — Cokrat
27 acciones detectadas en el replay
| 11:38 | Investigar | Bodkin Arrow |
| 11:38 | Investigar | Leather Archer Armor |
| 11:39 | Investigar | Iron Casting |
| 11:39 | Investigar | Chain Mail Armor |
| 11:40 | Investigar | Chain Barding Armor |
| 11:42 | Investigar | Ballistics |
| 11:43 | Investigar | Treadmill Crane |
| 11:44 | Investigar | Guard Tower (upgrade) |
| 11:45 | Investigar | Tech 909 |
| 11:46 | Investigar | Careening |
| 11:47 | Investigar | Tech 908 |
| 11:50 | Investigar | Kasbah |
| 19:20 | Investigar | Bracer |
| 19:21 | Investigar | Ring Archer Armor |
| 19:21 | Investigar | Blast Furnace |
| 19:22 | Investigar | Plate Mail Armor |
| 19:22 | Investigar | Plate Barding Armor |
| 19:24 | Investigar | Chemistry |
| 19:25 | Investigar | Arrowslits |
| 19:25 | Investigar | Shipwright |
| 19:25 | Investigar | Tech 907 |
| 19:26 | Investigar | Dry Dock |
| 19:26 | Investigar | Siege Engineers |
| 19:30 | Investigar | Maghrebi Camels |
| 19:30 | Investigar | Conscription |
| 19:31 | Investigar | Elite Camel Archer (upgrade) |
| 19:32 | Investigar | Spies/Treason |
Cronología de la partida
| 9:23 | Key Kurono Porongon · first_building Stable |
| 10:44 | Key Kurono Porongon · first_building Archery Range |
| 11:01 | Gfiz · resign |
| 12:10 | 重拳出击theGuyGuy · first_building Archery Range |
| 12:11 | 重拳出击theGuyGuy · first_building Stable |
| 13:39 | Beef Eater · first_building Archery Range |
| 13:59 | Beef Eater · first_building Barracks |
| 14:58 | Titan Bruno4736 · first_building Stable |
| 16:58 | Titan Bruno4736 · wall_segment Stone Wall x6 |
| 16:59 | Titan Bruno4736 · wall_segment Stone Wall x1 |
| 17:03 | Titan Bruno4736 · wall_segment Stone Wall x7 |
| 23:37 | jcorreacol · first_building Stable |
| 23:54 | Raul_House · first_building Stable |
| 26:44 | jcorreacol · first_building Archery Range |
[ ANÁLISIS IA · 1 CRÉDITO ]
¿Qué pasó realmente en esta partida?
Wolo.gg analiza cada decisión: build order, eco, micro, errores típicos por bracket. Análisis personalizado por WhatsApp o Discord en 30 segundos.
Guía civ
Tártaros
Perfil
jcorreacol